 Dungeon Crawl Stone Soup version 0.27-a0-1193-g8631133539 (webtiles) character file.

Game seed: 942789048450003684

399 bobarctor the Grave Robber (level 6, 0/32 HPs)
             Began as a Deep Elf Necromancer on May 26, 2021.
             Was an Initiate of Okawaru.
             Frozen to death by an endoplasm (5 damage)
             ... on level 4 of the Dungeon.
             The game lasted 00:26:59 (5183 turns).

bobarctor the Grave Robber (Deep Elf Necromancer)   Turns: 5183, Time: 00:27:00

Health: 0/32       AC:  3    Str:  5    XL:     6   Next: 54%
Magic:  17/17      EV: 12    Int: 22    God:    Okawaru [......]
Gold:   113        SH:  5    Dex: 15    Spells: 3/17 levels left

rFire    . . .     SeeInvis .   l - +0 flail (protect)
rCold    . . .     Faith    .   (no shield)
rNeg     . . .     Spirit   .   a - +0 robe
rPois    .         Reflect  +   q - +0 helmet
rElec    .         Harm     .   (no cloak)
rCorr    .         Rampage  .   (no gloves)
Will     .....                  (no boots)
Stlth    +.........             f - amulet of reflection
HPRegen  0.10/turn              (no ring)
MPRegen  0.15/turn              (no ring)

@: lit by a corona, glowing
A: no striking features
a: Renounce Religion


You were on level 4 of the Dungeon.
You worshipped Okawaru.
Okawaru was noncommittal.
You visited 1 branch of the dungeon, and saw 4 of its levels.

You collected 113 gold pieces.

Inventory:

Hand Weapons
 i - a +0 morningstar
 k - a +1 whip of holy wrath
 l - a +0 flail of protection (weapon)
 t - a +0 vampiric short sword
 u - a +2 hand axe of freezing
Missiles
 b - 24 bolts
 d - 66 stones
 e - 3 boomerangs
 h - 11 poisoned darts (quivered)
Armour
 a - a +0 robe (worn)
 q - a +0 helmet (worn)
Jewellery
 f - an amulet of reflection (around neck)
Scrolls
 s - a scroll of identify {unknown}
Potions
 g - a potion of brilliance {unknown}
 j - a potion of might {unknown}
 m - 2 potions of flight {unknown}
 n - a potion of lignification {unknown}
 p - a potion of haste {unknown}
 v - a potion of curing {unknown}


   Skills:
 + Level 0.2 Fighting
 + Level 2.4 Dodging
 + Level 2.8 Stealth
 - Level 0.5 Shields
 * Level 6.3 Spellcasting
 * Level 1.5 Conjurations
 + Level 6.3 Necromancy
 * Level 0.7 Translocations
 * Level 1.8 Air Magic
 * Level 1.5 Poison Magic


You had 3 spell levels left.
You knew the following spells:

 Your Spells              Type           Power      Damage    Failure   Level
a - Pain                  Necr           100%       1d9       1%          1
b - Vampiric Draining     Necr           17%        2d8       1%          3
c - Mephitic Cloud        Conj/Pois/Air  14%        N/A       14%         3
d - Animate Dead          Necr           17%        N/A       6%          4
e - Teleport Other        Tloc           10%        N/A       19%         3

Your spell library contained the following spells:

 Spells                   Type           Power      Damage    Failure   Level
 Animate Skeleton         Necr           70%        N/A       1%          1
 Static Discharge         Conj/Air       14%        N/A       7%          2
 Dazzling Flash           Conj/Hex       20%        N/A       19%         3
 Agony                    Necr           35%        N/A       19%         5
 Disjunction              Tloc           5%         N/A       100%        8


Dungeon Overview and Level Annotations

Branches:
Dungeon (4/15)             Temple (0/1) D:4

Altars:
Fedhas
Okawaru

Shops:
D:4 =

Portals:
Ossuary: D:4

Annotations:
D:4 Dowan, Duvessa, Edmund, Menkaure, Pikel


Message History

The jackal closely misses your ball python.
The hobgoblin hits you but does no damage.
Your ball python bites the jackal.
Your ball python constricts the jackal.
The jackal struggles to escape constriction.
Your ball python bites the jackal but does no damage.
Your ball python constricts the jackal.
The jackal struggles to escape constriction.
The scorpion stings you but does no damage.
Found a sand-covered staircase.
Duvessa, Sister of Dowan comes into view.
She is wielding a +0 short sword.
The jackal escapes!
Your ball python misses the jackal.
Your ball python grabs the jackal.
Your ball python constricts the jackal.
The jackal bites you.
Dowan shouts!
Duvessa shouts!
The jackal struggles to escape constriction.
Your ball python bites the jackal but does no damage.
Your ball python constricts the jackal.
Duvessa drinks a potion.
Duvessa flickers and vanishes!
Deactivating autopickup; reactivate with Ctrl-A.
The jackal struggles to escape constriction.
Your ball python bites the jackal.
The jackal dies!
Okawaru accepts your kill. Dowan casts a spell at you.
You resist with some effort.
Your ball python is smitten.
Your ball python dies!
Your ball python's corpse dissolves into shadows!
You block the jackal's attack. Dowan gestures at you while chanting.
You are outlined in light.
Something hits you. You block the jackal's attack. Something hits you!
Dowan casts a spell.
Dowan blinks!
Something hits you.
* * * LOW HITPOINT WARNING * * *
There is a sand-covered staircase here.
The endoplasm freezes you.
You are frozen.
You die...

,,,,,,,*#..........#..#.,,,,,,,**
,,,,,,,*##..............,,,,,,,**
,,,,,,,*##..............,,,,,,,,,
,,,,,,**................,,,,,,,,,
,,,****,................,,,*,,,,,
**** **.......g........,,,,,,,,,
*#####.J#hs§.....,,,,,,,,,
#..hJ.#.....,,,,,,,,,
#...@.......,,,,,,,,,
*#.....#....#,,,,,***,
#..#........#*,,,,****
#.....e.....#**,,**,,,
#...........# *,***,,,
######.##...#**,,,,,,,
*##*##..,*,,,,,,, *..,,,,,,,,,
***,**,,,,,,


You could see Dowan, a scorpion, a jelly, an endoplasm, 2 jackals and a
hobgoblin.

Vanquished Creatures
  A water moccasin (D:3)
  A hound (D:2)
  An orc priest (D:3)
  An orc wizard (D:3)
  7 gnolls (D:2)
  3 adders
  A worm (D:3)
  5 dart slugs
  5 orcs (D:3)
  7 endoplasms
  3 giant cockroaches (D:1)
  6 goblins
  11 hobgoblins
  6 jackals
  8 kobolds
  2 quokkas
  7 ball pythons
  12 bats
  5 frilled lizards
  6 rats
98 creatures vanquished.

Vanquished Creatures (collateral kills)
  A jackal (D:4)
1 creature vanquished.

Vanquished Creatures (others)
  14 plants (D:2)
14 creatures vanquished.

Grand Total: 113 creatures vanquished

Notes
Turn   | Place    | Note
-------+----------+-------------------------------------------
     0 | D:1      | bobarctor the Deep Elf Necromancer began the quest for the
                  | Orb.
     0 | D:1      | Reached XP level 1. HP: 10/10 MP: 6/6
    75 | D:1      | Identified the Compendium of Unstable Attacks
    85 | D:1      | Reached skill level 5 in Necromancy
   139 | D:1      | Found a faded altar of an unknown god.
   424 | D:1      | Reached XP level 2. HP: 13/15 MP: 5/8
   961 | D:1      | Reached XP level 3. HP: 6/19 MP: 3/10
  1101 | D:1      | Learned a level 3 spell: Vampiric Draining
  1105 | D:1      | Learned a level 3 spell: Mephitic Cloud
  1956 | D:2      | Reached XP level 4. HP: 22/24 MP: 2/12
  2032 | D:2      | Learned a level 4 spell: Animate Dead
  2119 | D:2      | Reached skill level 1 in Air Magic
  2377 | D:2      | Reached skill level 5 in Spellcasting
  2639 | D:2      | Reached XP level 5. HP: 22/28 MP: 9/14
  3668 | D:3      | Noticed a water moccasin
  3687 | D:2      | Learned a level 3 spell: Teleport Other
  3862 | D:3      | Killed a water moccasin
  3863 | D:3      | Reached skill level 1 in Poison Magic
  3863 | D:3      | Reached XP level 6. HP: 22/32 MP: 5/17
  4049 | D:3      | Reached skill level 1 in Conjurations
  4303 | D:3      | Found an iron altar of Okawaru.
  4343 | D:3      | Became a worshipper of Warmaster Okawaru
  4720 | D:3      | Found a blossoming altar of Fedhas.
  4977 | D:4      | Noticed Pikel
  5149 | D:4      | Found Lodyokanau's Jewellery Shoppe.
  5149 | D:4      | Noticed Menkaure
  5156 | D:4      | Noticed Edmund
  5161 | D:4      | Found a staircase to the Ecumenical Temple.
  5173 | D:4      | Noticed Dowan
  5175 | D:4      | Found a sand-covered staircase.
  5176 | D:4      | Noticed Duvessa
  5183 | D:4      | Frozen to death by an endoplasm

Illustrated notes

Levels and vault maps discovered:
D:1:      eino_arrival_cavern_e, layout_loops_ring,
          ebering_ecumenical_altar_abandoned, st_stairs_2
D:2:      layout_basic, chequers_big_river, kennysheep_generic_room_3
D:3:      layout_rooms, old_standard_altar, okawaru_trees_2, serial_bayou_pond_e
D:4:      layout_cave_pools, minmay_temple_entry_waves,
          nicolae_ossuary_entry_ruins, st_stairs_7, kennysheep_small_square,
          uniq_edmund, uniq_pikel, uniq_duvessa, uniq_menkaure

Skill      XL: |  1  2  3  4  5  6 |
---------------+-------------------+-----
Necromancy     | 5 6 |  6.3
Spellcasting   | 4 5 6 |  6.3
Air Magic      | 1 |  1.8
Poison Magic   | 1 |  1.5
Conjurations   | 1 |  1.5
Fighting       | |  0.2
Dodging        | |  2.4
Stealth        | |  2.8
Shields        | |  0.5
Translocations | |  0.7

Action                   |  1- 3 |  4- 6 || total
-------------------------+-------+-------++-------
Melee: Morningstar       |       |     6 ||     6
       Whip              |       |     2 ||     2
       Flail             |       |    18 ||    18
Throw: Dart              |       |     2 ||     2
 Cast: Pain              |    58 |   120 ||   178
       Vampiric Draining |     1 |     2 ||     3
       Mephitic Cloud    |       |     6 ||     6
       Animate Dead      |       |     1 ||     1
  Use: Scroll            |       |     3 ||     3
 Stab: Sleeping          |       |     1 ||     1
       Confused          |       |     3 ||     3
Armor: Robe              |     2 |    10 ||    12
Dodge: Dodged            |     6 |    31 ||    37
Block: Other             |     2 |    15 ||    17
       Reflection        |     1 |       ||     1

Table legend: (Time is in decaauts)
 A = Elapsed time spent in this place.
 B = Non-inter-level travel time spent in this place.
 C = Inter-level travel time spent in this place.
 D = Time resting spent in this place.
 E = Time spent auto-exploring this place.
 F = Levels seen in this place.
 G = Mean time per level.
                   A        B        C        D        E       F      G
               +--------+--------+--------+--------+--------+-----+--------+
         Total |   5214 |   5064 |    150 |   2292 |   1962 |   4 | 1303.5 |
       Dungeon |   5214 |   5064 |    150 |   2292 |   1962 |   4 | 1303.5 |
               +--------+--------+--------+--------+--------+-----+--------+

Top non-repeatable levels by time:
     D:2: 2166 daAuts
     D:1: 1891 daAuts
     D:3: 1109 daAuts
     D:4: 47 daAuts
